 Dungeon Crawl Stone Soup version 0.21.1-1-g345015fe64 (webtiles) character file.

91 Kohma the Firebug (level 4, 0/44 HPs)
             Began as an Ogre Fire Elementalist on June 28, 2018.
             Succumbed to an adder's poison
             ... on level 2 of the Dungeon.
             The game lasted 00:07:15 (2240 turns).

Kohma the Firebug (Ogre Fire Elementalist)          Turns: 2240, Time: 00:07:16

Health: 0/44       AC:  4    Str: 12    XL:     4   Next: 57%
Magic:  2/8        EV: 10    Int: 17    God:
Gold:   91         SH:  0    Dex:  9    Spells: 8/9 levels left

rFire    . . .     SeeInvis .   i - +4 short sword
rCold    . . .     Gourm    .   (no shield)
rNeg     . . .     Faith    .   a - +0 robe
rPois    .         Spirit   .   (helmet restricted)
rElec    .         Reflect  .   (no cloak)
rCorr    .         Harm     .   (gloves unavailable)
MR       .....                  (boots unavailable)
Stlth    +.........             (no amulet)
HPRegen  0.14/turn              l - +1 ring of protection
MPRegen  0.11/turn              (no ring)

@: lethally poisoned (0 -> 0), very slightly contaminated
A: large, unfitting armour, tough skin 1
a: no special abilities


You were on level 2 of the Dungeon.
You were not hungry.

You visited 1 branch of the dungeon, and saw 2 of its levels.

You collected 91 gold pieces.

Inventory:

Hand Weapons
 i - a +4 short sword (weapon)
Missiles
 e - 50 sling bullets
 j - 36 stones (quivered)
Armour
 a - a +0 robe (worn)
Jewellery
 l - a +1 ring of protection (left hand)
Scrolls
 d - a scroll of teleportation
 k - a scroll of remove curse
Books
 b - a book of Flames

   Spells                             Type                      Level
   a - Flame Tongue                   Conjuration/Fire             1
   b - Throw Flame                    Conjuration/Fire             2
   c - Conjure Flame                  Conjuration/Fire             3
   d - Inner Flame                    Hexes/Fire                   3
   e - Sticky Flame                   Conjuration/Fire             4
   f - Fireball                       Conjuration/Fire             5
Comestibles
 c - 4 chunks of flesh


   Skills:
 * Level 2.9 Fighting
 - Level 1.7 Dodging
 - Level 1.4 Stealth
 + Level 3.1 Spellcasting
 + Level 1.7 Conjurations
 * Level 3.4 Fire Magic


You had 8 spell levels left.
You knew the following spells:

 Your Spells              Type           Power        Failure   Level  Hunger
a - Flame Tongue          Conj/Fire      ##...        6%          1    None


Dungeon Overview and Level Annotations

Branches:
Dungeon (2/15)

Altars:


Innate Abilities, Weirdness & Mutations

You are too large for most types of armour.
You have tough skin. (AC +1)


Message History

As you read the scroll labeled MEC UHEXAT QUD, it crumbles to dust.
It is a scroll of enchant weapon.
Your +3 short sword glows red for a moment.
Your surroundings suddenly seem different.
As you read the scroll labeled QIRINU FENIDO, it crumbles to dust.
You feel blessed for a moment.
It was a scroll of remove curse.
Put on which piece of jewellery? (? for menu, Esc to quit)
Okay, then.
You aren't quite hungry enough to eat that!
There is a lethal amount of poison in your body!
There is a lethal amount of poison in your body!
There is a lethal amount of poison in your body!
* * * LOW HITPOINT WARNING * * *
You feel sick.
Unknown command.
* * * LOW HITPOINT WARNING * * *
You feel sick.
* * * LOW HITPOINT WARNING * * *
You feel sick.
You die...

### ## #..
############# .# #.#
#...........# .#
#.#.#.#########.#
.####.#.#......#@.#.#
...>#.#.######.#..#.#
###.........##.#..#.#
#.....###.##.#.(#.#
#.....# #.##.#<.#.#
#.....# #.##.##.#.#
#.....# #.#.....#.#
#.....# #.#######.#
#.....###.........#


There were no monsters in sight!

Vanquished Creatures
  Jessica (D:2)
  2 adders (D:2)
  2 worms (D:2)
  A dart slug (D:1)
  2 goblins (D:1)
  7 hobgoblins
  3 jackals (D:1)
  2 ball pythons (D:2)
  6 bats
  3 frilled lizards (D:1)
  6 kobolds (D:1)
  4 rats
39 creatures vanquished.

Notes
Turn   | Place    | Note
-------+----------+-------------------------------------------
     0 | D:1      | Kohma the Ogre Fire Elementalist began the quest for the Orb.
     0 | D:1      | Reached XP level 1. HP: 16/16 MP: 3/3
    43 | D:1      | Reached skill level 1 in Conjurations
   303 | D:1      | Reached skill level 1 in Fighting
   351 | D:1      | Reached XP level 2. HP: 27/27 MP: 3/5
   899 | D:1      | Reached XP level 3. HP: 33/35 MP: 5/7
  1263 | D:2      | Noticed Jessica
  1273 | D:2      | Killed Jessica
  1274 | D:2      | Reached XP level 4. HP: 36/44 MP: 0/8
  1589 | D:2      | Noticed a phantom
  2225 | D:2      | HP: 2/44 [poisoned by an adder]
  2232 | D:2      | HP: 1/44 [poisoned by an adder]
  2240 | D:2      | Succumbed to an adder's poison

Skill      XL: |  1  2  3  4 |
---------------+-------------+-----
Conjurations   | 1 |  1.7
Fighting       | 1 2 |  2.9
Fire Magic     | 3 |  3.4
Spellcasting   | 3 |  3.1
Dodging        | |  1.7
Stealth        | |  1.4

Action                   |  1- 3 |  4- 6 || total
-------------------------+-------+-------++-------
Melee: Unarmed           |    25 |       ||    25
       Short sword       |     6 |    30 ||    36
Throw: Stone             |    19 |     2 ||    21
 Cast: Flame Tongue      |    41 |    34 ||    75
  Use: Scroll            |       |     4 ||     4
  Eat: Chunk             |     1 |     1 ||     2
       Ration            |       |     1 ||     1
Armor: Robe              |    14 |    12 ||    26
Dodge: Dodged            |    39 |    33 ||    72
